 Dungeon Crawl Stone Soup version 0.31-a0-574-g69dc8cc98e (webtiles) character file.

Game seed: 8928635965994814419

2 RepHenryClay the Sneak (level 1, -8/28 HPs)
             Began as a Hill Orc Delver on Aug 19, 2023.
             Killed by divine providence
             ... invoked by an orc priest
              (10 damage)
             ... on level 5 of the Dungeon.
             The game lasted 00:00:28 (68 turns).

RepHenryClay the Sneak (Hill Orc Delver)              Turns: 68, Time: 00:00:29

Health: -8/28      AC: 20    Str: 14    XL:     1   Next: 30%
Magic:  1/1        EV:  2    Int: 10    God:
Gold:   14         SH:  0    Dex: 12    Spells: 0/0 levels left

rFire   . . .        a - +0 hand axe
rCold   . . .        (no shield)
rNeg    . . .        b - melded +0 leather armour
rPois   +            (helmet currently unavailable)
rElec   .            (cloak currently unavailable)
rCorr   .            (gloves currently unavailable)
SInv    .            (boots currently unavailable)
Will    .....        (no amulet)
Stlth   ++           (no ring)
HPRegen 0.24/turn    (no ring)
MPRegen 0.07/turn

%: no passive effects
@: tree-form
A: stationary, stasis, torment immunity, boosted hp
a: Convert to Beogh


You were on level 5 of the Dungeon.
You were a tree.
You visited 1 branch of the dungeon, and saw 1 of its levels.

You collected 14 gold pieces.

Inventory:

Hand Weapons
 a - a +0 hand axe (weapon)
Armour
 b - a +0 leather armour (melded)
Wands
 g - a wand of digging (3)
Scrolls
 c - a scroll of fog
 d - a scroll of revelation
 e - a scroll of fear
Potions
 f - a potion of haste


   Skills:
 - Level 3.6 Fighting
 + Level 2.8 Axes
 + Level 0.3 Armour
 - Level 1.5 Dodging
 - Level 4.1 Stealth


You couldn't memorise any spells.
You didn't know any spells.
Your spell library was empty.

Dungeon Overview and Level Annotations

Branches:
Dungeon (5/15)
 Temple: D:4-7

Altars:


Message History

You hear some strange, mumbled words.
The orc hits you with a +0 dagger.
* * * LOW HITPOINT WARNING * * *
Something barely misses the orc.
The orc priest hits you but does no damage.
The orc wizard hits you but does no damage.
The orc hits you but does no damage.
Unknown command.
Huge Dmg: -10%(-3hp) hp: 33%(9hp)
You closely miss the orc wizard.
The orc priest shouts, "Surrender to Beogh and we'll let you live!"
You hit the orc priest but do no damage.
The orc priest threatens, "By the altar or by the axe, you will meet Beogh!"
You hit the orc.
You kill the orc!
You hit the orc. You hit something.
The orc wizard hits you with a +0 dagger.
* * * LOW HITPOINT WARNING * * *
The orc priest miscasts a cantrip.
You hear some strange, mumbled words.
The orc hits you but does no damage.
Huge Dmg: -11%(-3hp) hp: 22%(6hp)
You closely miss the orc wizard. You hit the orc but do no damage.
You barely miss something. You hit the orc priest.
The orc hits you with a +0 whip.
* * * LOW HITPOINT WARNING * * *
The orc wizard barely misses you.
Huge Dmg: -11%(-3hp) hp: 11%(3hp)
You hit the orc wizard but do no damage.
You barely miss something. You hit the orc but do no damage.
You hit the orc priest. You hit something. You barely miss the orc.
The orc priest shouts, "Beogh is our master!
Accept the truth or die!"
The orc hits you but does no damage.
The orc wizard hits you but does no damage.
The orc priest hits you but does no damage.
The orc hits you but does no damage. Something hits you.
* * * LOW HITPOINT WARNING * * *
The orc priest calls down the wrath of Beogh upon you.
Beogh smites you!
You die...

.#... .....#.# #.# .
.... ......# #.# ..
#..###..##.####.# ...
##.?...##....##.# #
..#.......#....##.#
.#................+..#
......#.....#.....####
..... ##).o##.#####
......###♣o...#
#.....ooo#####
##..###### #


You could see 2 orc priests, an orc wizard (pursuing) and 2 orcs.

Vanquished Creatures
  An orc (D:5)
1 creature vanquished.

Notes
Turn   | Place    | Note
-------+----------+-------------------------------------------
     0 | D:5      | RepHenryClay the Hill Orc Delver began the quest for the
                  | Orb.
     0 | D:5      | Reached XP level 1. HP: 19/19 MP: 1/1
    15 | D:5      | Noticed an orc wizard
    15 | D:5      | Noticed an orc wizard
    50 | D:5      | Noticed an orc wizard
    50 | D:5      | Noticed an orc priest
    56 | D:5      | Noticed an orc priest
    68 | D:5      | Killed from afar by an orc priest

Illustrated notes

Levels and vault maps discovered:
D:5:      nicolae_cairo_tiling_large_dashed, layout_basic

Action                     || total
---------------------------++-------
  Melee: Hand axe          ||     9
    Use: Potion            ||     1
 Armour: Skin              ||    20
  Dodge: Dodged            ||     3

Table legend: (Time is in decaauts)
 A = Elapsed time spent in this place.
 B = Non-inter-level travel time spent in this place.
 C = Inter-level travel time spent in this place.
 D = Time resting spent in this place.
 E = Time spent auto-exploring this place.
 F = Levels seen in this place.
 G = Mean time per level.
                   A        B        C        D        E       F      G
               +--------+--------+--------+--------+--------+-----+--------+
         Total |     69 |     69 |      0 |      0 |     15 |   1 |   69.0 |
       Dungeon |     69 |     69 |      0 |      0 |     15 |   1 |   69.0 |
               +--------+--------+--------+--------+--------+-----+--------+

Top non-repeatable levels by time:
     D:5: 69 daAuts
